 Dungeon Crawl Stone Soup version 0.23-a0-677-g07611c5 (console) character file.

8 Duffy the Firebug (level 2, 14/19 HPs)
             Began as a Demonspawn Fire Elementalist on Jan 9, 2019.
             Quit the game on level 2 of the Dungeon.
             The game lasted 00:00:29 (491 turns).

Duffy the Firebug (Demonspawn Fire Elementalist)     Turns: 491, Time: 00:00:31

Health: 14/19      AC:  3    Str:  8    XL:     2   Next: 0%
Magic:  0/5        EV: 12    Int: 16    God:
Gold:   12         SH:  0    Dex: 13    Spells: 4/5 levels left

rFire    . . .     SeeInvis .   (no weapon)
rCold    . . .     Gourm    .   (no shield)
rNeg     . . .     Faith    .   a - +0 robe
rPois    .         Spirit   .   (no helmet)
rElec    .         Reflect  .   (no cloak)
rCorr    .         Harm     .   e - +0 pair of gloves (curse)
MR       .....                  (no boots)
Stlth    ++........             (no amulet)
HPRegen  0.06/turn              (no ring)
MPRegen  0.09/turn              (no ring)

@: no status effects
A: talons 1
a: no special abilities


You were on level 2 of the Dungeon.
You were not hungry.

You visited 1 branch of the dungeon, and saw 2 of its levels.

You collected 12 gold pieces.

Inventory:

Armour
 a - a +0 robe (worn)
 e - a cursed +0 pair of gloves (worn)
Scrolls
 d - a scroll of magic mapping {unknown}
Potions
 b - a potion of curing {unknown}
 g - a potion of might {unknown}
 h - a potion of lignification {unknown}
Comestibles
 c - 2 rations
 f - a chunk of flesh


   Skills:
 - Level 1.7 Dodging
 - Level 1.7 Stealth
 - Level 2.0 Spellcasting
 + Level 2.1 Conjurations
 - Level 2.6 Fire Magic


You had 4 spell levels left.
You knew the following spells:

 Your Spells              Type           Power        Failure   Level  Hunger
h - Flame Tongue          Conj/Fire      #....        8%          1    #......

Your spell library contained the following spells:

 Spells                   Type           Power        Failure   Level  Hunger
 Throw Flame              Conj/Fire      #.....       12%         2    ###....
 Conjure Flame            Conj/Fire      #.......     24%         3    ###....
 Inner Flame              Hex/Fire       #.......     34%         3    ###....
 Sticky Flame             Conj/Fire      #.......     61%         4    #####..
 Fireball                 Conj/Fire      #.........   91%         5    ######.


Dungeon Overview and Level Annotations

Branches:
Dungeon (2/15)

Altars:


Innate Abilities, Weirdness & Mutations

You have sharp toenails.


Message History

You hit the jackal but do no damage.
The jackal is almost dead.
The jackal barely misses you.
You barely miss the jackal.
The jackal is almost dead.
The jackal closely misses you. The jackal misses you.
You barely miss the jackal.
The jackal is almost dead.
The jackal bites you.
You barely miss the jackal.
The jackal is almost dead.
The jackal bites you.
You hit the jackal.
You kill the jackal!
You have reached level 2!
Your demonic ancestry asserts itself...
Your toenails lengthen and sharpen.
The jackal barely misses you.
Your magical contamination has completely faded away.
Are you sure you want to abandon this character and quit the game? (Confirm

#.....# #####
#####.##..###...# ##
#......#....#...# ..#
#.##.##.......<.# ...
..#%#..##.##...#
#.####..#.##.#......#
###....#.##.#.#...#.(.#
..............##.##...#
#####..###..hh@.##...#
#..###.###########
#..#h..# ##...###
#.%.## #...# .......
##.##...# #. #....


You could see 2 jackals.

Vanquished Creatures
  A giant cockroach (D:2)
  2 goblins
  2 jackals (D:2)
  A bat (D:2)
  A rat (D:2)
7 creatures vanquished.

Notes
Turn   | Place    | Note
-------+----------+-------------------------------------------
     0 | D:1      | Duffy the Demonspawn Fire Elementalist began the quest for
                  | the Orb.
     0 | D:1      | Reached XP level 1. HP: 13/13 MP: 3/3
   490 | D:2      | Gained mutation: You have sharp toenails. [demonic
                  | ancestry]
   490 | D:2      | Reached XP level 2. HP: 14/19 MP: 0/5
   491 | D:2      | Quit the game

Vault maps used:
D:1:      minmay_arrival_wavy_path
D:2:      first_ration, minmay_misc_feat_secret_circle, minmay_tromino_v7,
          uniq_robin, uniq_crazy_yiuf_cottage, uniq_jessica

Skill      XL: |  1 |
---------------+----+-----
Conjurations   | 2 |  2.1
Dodging        | |  1.7
Stealth        | |  1.7
Spellcasting   | |  2.0
Fire Magic     | |  2.6

Action                   || total
-------------------------++-------
Melee: Unarmed           ||    24
 Cast: Flame Tongue      ||    11
Armor: Robe              ||     8
Dodge: Dodged            ||    28

Table legend:
 A = Non-vault XP
 B = Vault XP
 C = Vault XP percentage of total XP
 D = Non-vault monster count
 E = Vault monster count
 F = Vault count percentage of total count
                 A         B        C        D         E       F
            +---------+---------+-------+---------+---------+-------
      Total |       8 |       4 |  33.3 |       4 |       3 |  42.9
            +---------+---------+-------+---------+---------+-------
        D:1 |       2 |       0 |   0.0 |       1 |       0 |   0.0
        D:2 |       6 |       4 |  40.0 |       3 |       3 |  50.0
            +---------+---------+-------+---------+---------+-------
